 Dungeon Crawl Stone Soup version 0.29.1-13-g9f3cf754e1 (webtiles) character file.

Game seed: 4652973345363200068

2 LynnLen the Sneak (level 1, 0/9 HPs)
             Began as a Spriggan Enchanter on Jan 28, 2023.
             Slain by a ball python (1 damage)
             ... on level 1 of the Dungeon.
             The game lasted 00:01:16 (109 turns).

LynnLen the Sneak (Spriggan Enchanter)               Turns: 109, Time: 00:01:16

Health: 0/9        AC:  2    Str:  4    XL:     1   Next: 33%
Magic:  5/5        EV: 14    Int: 16    God:
Gold:   0          SH:  0    Dex: 15    Spells: 5/5 levels left

rFire   . . .      SeeInvis +   a - +1 dagger
rCold   . . .      Faith    .   (no shield)
rNeg    . . .      Spirit   .   b - +0 robe
rPois   .          Reflect  .   (helmet restricted)
rElec   .          Harm     .   (no cloak)
rCorr   .          Rampage  .   (gloves unavailable)
Will    .....                   (boots unavailable)
Stlth   +++.......              (no amulet)
HPRegen 0.03/turn               (no ring)
MPRegen 0.09/turn               (no ring)

@: constricted, very quick
A: very small, no large weapons, unfitting armour, see invisible, speed 3
a: no special abilities


You were on level 1 of the Dungeon.
You visited 1 branch of the dungeon, and saw 1 of its levels.

Inventory:

Hand Weapons
 a - a +1 dagger (weapon)
Armour
 b - a +0 robe (worn)
Potions
 c - 2 potions of invisibility


   Skills:
 + Level 1.2 Short Blades
 - Level 2.6 Dodging
 - Level 4.4 Stealth
 + Level 2.8 Spellcasting
 + Level 3.7 Hexes


You had 5 spell levels left.
You didn't know any spells.
Your spell library contained the following spells:

 Spells                   Type           Power      Damage    Failure   Level
 Confusing Touch          Hex            14%        N/A       12%         3
 Tukima's Dance           Hex            14%        N/A       12%         3
 Ensorcelled Hibernation  Hex/Ice        16%        N/A       14%         2
 Dazzling Flash           Conj/Hex       16%        N/A       26%         3


Dungeon Overview and Level Annotations

Branches:
Dungeon (1/15)

Altars:


Innate Abilities, Weirdness & Mutations

You are very small and have problems with some larger weapons.
You are too small for most types of armour.
You have supernaturally acute eyesight. (SInv)
You cover ground extremely quickly. (Speed+++)


Message History

There is a large open door here.
You hit the ball python.
The ball python is severely wounded.
The ball python barely misses you. The ball python completely misses you.
You closely miss the ball python.
The ball python is severely wounded.
The ball python closely misses you. The ball python grabs you.
The ball python constricts you. The ball python closely misses you.
The ball python constricts you.
You closely miss the ball python.
The ball python is severely wounded.
The ball python closely misses you. The ball python constricts you.
You barely miss the ball python.
The ball python is severely wounded.
The quokka bites you. The ball python barely misses you.
The ball python constricts you.
You escape the ball python's grasp.
The quokka bites you but does no damage.
You see here a hobgoblin corpse.
There is a large open door here.
You hit the quokka.
The quokka is moderately wounded.
The quokka closely misses you.
You closely miss the quokka.
The quokka is moderately wounded.
The ball python barely misses you. x2; The quokka barely misses you.
You barely miss the quokka.
The quokka is moderately wounded.
The ball python misses you. The ball python grabs you.
The ball python constricts you. The quokka closely misses you.
You hit the quokka.
The quokka is almost dead.
The ball python bites you.
* * * LOW HITPOINT WARNING * * *
The ball python constricts you.
* * * LOW HITPOINT WARNING * * *
The quokka barely misses you.
The ball python's grasp on you weakens, but your attempt to escape fails.
The ball python bites you.
You die...

## . #. ##.#
###...##########
......>.. #....#
###....[###§§≈.###
?.......'S§.≈≈.'<#
........'r@.§§.'.#
........###†§≈.###
###...... #§.§.#
....(... ######
###.....## ##.####
#. #


You could see a quokka and a ball python.

Vanquished Creatures
  A hobgoblin (D:1)
  2 ball pythons (D:1)
3 creatures vanquished.

Notes
Turn   | Place    | Note
-------+----------+-------------------------------------------
     0 | D:1      | LynnLen the Spriggan Enchanter began the quest for the Orb.
     0 | D:1      | Reached XP level 1. HP: 9/9 MP: 5/5
   109 | D:1      | Slain by a ball python

Illustrated notes

Levels and vault maps discovered:
D:1:      lightli_arrival_lavapool, layout_loops_ring, serial_bayou_pond_b

Action                   || total
-------------------------++-------
Melee: Dagger            ||    13
Armor: Robe              ||     1
Dodge: Dodged            ||    17
